 Dungeon Crawl Stone Soup version 0.30.1-6-gbe392663c4 (webtiles) character file.

Game seed: 7998160253470865813

707 Kurtz the Cleaver (level 7, -1/41 HPs)
             Began as a Tengu Fighter on Sept 20, 2023.
             Was a Believer of Okawaru.
             Slain by a gnoll sergeant
             ... wielding a +5 spear
              (9 damage)
             ... on level 4 of the Dungeon.
             The game lasted 00:03:58 (4592 turns).

Kurtz the Cleaver (Tengu Fighter)                   Turns: 4592, Time: 00:03:58

Health: -1/41      AC:  6    Str: 18    XL:     7   Next: 67%
Magic:  8/8        EV: 10    Int:  9    God:    Okawaru [**....]
Gold:   200        SH:  0    Dex: 13    Spells: 6/6 levels left

rFire   . . .        a - +0 war axe
rCold   + . .        c - +0 buckler
rNeg    . . .        b - +0 scale mail
rPois   .            (helmet restricted)
rElec   .            (no cloak)
rCorr   .            (no gloves)
SInv    .            (boots unavailable)
Will    .....        d - amulet of faith Stlth
                     l - ring of protection from cold
HPRegen 0.26/turn    (no ring)
MPRegen 0.11/turn

%: faith
@: confused, ambrosia-drunk, flying quickly and evasively, quick
A: beak, talons 3, nimble flight
a: Renounce Religion, Heroism


You were on level 4 of the Dungeon.
You worshipped Okawaru.
Okawaru was pleased with you.
You visited 1 branch of the dungeon, and saw 5 of its levels.

You collected 226 gold pieces.
You spent 26 gold pieces at shops.

Inventory:

Hand Weapons
 a - a +0 war axe (weapon)
Armour
 b - a +0 scale mail (worn)
 c - a +0 buckler (worn)
Jewellery
 d - an amulet of faith (around neck)
 l - a ring of protection from cold (left hand)
 n - a ring of fire
 p - an amulet of guardian spirit
Wands
 v - a wand of acid (12)
Scrolls
 f - 6 scrolls of identify
 i - a scroll of butterflies {unknown}
 j - a scroll of acquirement {unknown}
 k - a scroll of immolation {unknown}
 m - 4 scrolls of teleportation {unknown}
 o - a scroll of brand weapon {unknown}
 r - a scroll of blinking {unknown}
 t - a scroll of torment {unknown}
 w - 2 scrolls of noise {unknown}
 x - a scroll of fog {unknown}
Potions
 e - 2 potions of heal wounds {unknown}
 g - 2 potions of ambrosia
 h - a potion of flight {unknown}
 q - a potion of magic {unknown}
 u - 2 potions of curing {unknown}


   Skills:
 - Level 3.0 Fighting
 * Level 9.2 Axes
 - Level 3.2 Armour
 - Level 3.0 Shields


You had 6 spell levels left.
You didn't know any spells.
Your spell library contained the following spells:

 Spells                   Type           Power      Damage    Failure   Level
 Kiss of Death            Conj/Necr      0%         2d5       85%         1
 Confusing Touch          Hex            0%         N/A       99%         3
 Dazzling Flash           Conj/Hex       0%         N/A       99%         3
 Volatile Blastmotes      Fire/Tloc      0%         2d10      99%         3
 Dispel Undead            Necr           0%         3d6       100%        4
 Iskenderun's Mystic Bla  Conj/Tloc      0%         2d3       100%        4
 Starburst                Conj/Fire      0%         6d3       100%        6


Dungeon Overview and Level Annotations

Branches:
Dungeon (5/15)
 Temple: D:4-7

Altars:
Ashenzari
Gozag
Okawaru

Shops:
D:1 ?


Innate Abilities, Weirdness & Mutations

You have a beak for a mouth.
You have claws for feet.
Your magical nature lets you fly swiftly and evasively.


Message History

You miss Ijyb.
The hound barks!
Your kick misses Ijyb.
Ijyb is almost dead.
Ijyb closely misses you.
You bump into the rock wall.
Ijyb zaps a wand.
You resist with some effort.
You're too confused to move!
Ijyb hits you but does no damage.
You hit Ijyb.
You kill Ijyb!
Okawaru accepts your kill.
You bump into the rock wall.
A gnoll comes into view. It is wielding a +0 whip.
The gnoll sergeant barely misses you.
The gnoll shouts!
The gnoll sergeant hits you with a +5 spear.
There is a stone staircase leading up here.
You feel less confused.
The gnoll sergeant hits you with a +5 spear!
You fly upwards.
There is a stone staircase leading down here.
You hit the gnoll sergeant but do no damage.
You claw the gnoll sergeant.
You peck the gnoll sergeant, but do no damage.
The gnoll sergeant is lightly wounded.
The gnoll sergeant hits you with a +5 spear!
* * * LOW HITPOINT WARNING * * *
You barely miss the gnoll sergeant. You claw the gnoll sergeant.
The gnoll sergeant is lightly wounded.
The gnoll sergeant barely misses you.
You completely miss the gnoll sergeant. Your kick misses the gnoll sergeant.
Your peck misses the gnoll sergeant.
The gnoll sergeant is lightly wounded.
The gnoll sergeant hits you with a +5 spear!
* * * LOW HITPOINT WARNING * * *
The gnoll sergeant barely misses you.
It was a potion of ambrosia.
You are confused.
You feel invigorated.
The gnoll sergeant hits you with a +5 spear!
You die...

..........## #.#....<#
.......#...#####.#.#####
##(..............#.#
#....###).##.##.#.#
#....####)...##.#.#
#.........##)####.#
#####.<.#.##......#
#...#.##..g)###
#...#.##...@#
#...#....#### #...####.#
#........# ##.#######
#[# #.# #.#### #....#


You could see a gnoll sergeant.

Vanquished Creatures
  Grinder (D:3)
  A black bear (D:4)
  2 orc priests (D:4)
  A hound (D:4)
  Ijyb (D:5)
  An iguana (D:3)
  2 orc wizards
  Natasha (D:2)
  6 gnolls (D:4)
  4 adders
  An ufetubus (D:4)
  4 worms (D:2)
  5 dart slugs
  5 orcs (D:4)
  9 bats
  7 endoplasms
  2 giant cockroaches
  7 goblins
  7 hobgoblins
  2 jackals (D:1)
  3 kobolds
  2 quokkas
  5 ball pythons
  5 frilled lizards
  5 rats
89 creatures vanquished.

Notes
Turn   | Place    | Note
-------+----------+-------------------------------------------
     0 | D:1      | Kurtz the Tengu Fighter began the quest for the Orb.
     0 | D:1      | Reached XP level 1. HP: 14/14 MP: 2/2
    67 | D:1      | Reached XP level 2. HP: 16/19 MP: 3/3
   106 | D:1      | Reached skill level 3 in Axes
   208 | D:1      | Found a faded altar of an unknown god.
   320 | D:1      | Found Ycrialos's Magic Scroll Emporium.
   328 | D:1      | Bought a scroll of identify for 26 gold pieces
   349 | D:1      | Reached XP level 3. HP: 23/23 MP: 4/4
   593 | D:1      | Reached skill level 4 in Axes
   852 | D:2      | You fall into a shaft and drop 1 floor!
   935 | D:3      | Found an iron altar of Okawaru.
   963 | D:3      | Became a worshipper of Warmaster Okawaru
  1173 | D:2      | Reached XP level 4. HP: 27/28 MP: 5/5
  1472 | D:2      | Found an opulent altar of Gozag.
  1569 | D:2      | Noticed Natasha
  1571 | D:2      | Killed Natasha
  1572 | D:2      | Reached skill level 5 in Axes
  1819 | D:2      | Gained mutation: Your magical nature lets you fly swiftly
                  | and evasively. [Tengu growth]
  1819 | D:2      | Reached XP level 5. HP: 27/32 MP: 4/6
  2812 | D:3      | Noticed Grinder
  2823 | D:3      | Killed Grinder
  2823 | D:3      | Reached * piety under Okawaru
  2824 | D:3      | Reached skill level 7 in Axes
  2824 | D:3      | Reached XP level 6. HP: 18/37 MP: 3/7
  3050 | D:4      | Found a broken altar of Ashenzari.
  3535 | D:3      | Reached skill level 8 in Axes
  3535 | D:3      | Reached XP level 7. HP: 27/41 MP: 8/8
  4244 | D:4      | Reached ** piety under Okawaru
  4245 | D:4      | Reached skill level 9 in Axes
  4485 | D:5      | Entered Level 5 of the Dungeon
  4498 | D:5      | Noticed Ijyb
  4584 | D:5      | Killed Ijyb
  4592 | D:4      | Slain by a gnoll sergeant

Illustrated notes

Levels and vault maps discovered:
D:1:      lightli_arrival_isolated_outpost, layout_basic,
          shapermc_ecumenical_altar_venn, serial_shops, shop, minmay_domino_4
D:2:      layout_basic, basic_altar, due_unseen_surprise, uniq_natasha
D:3:      layout_basic, lemuel_round_altar, uniq_grinder
D:4:      layout_basic, ashenzari_conservatory_becter, minivault_26
D:5:      layout_rooms, mainiacjoe_overflow_alcove_1, gammafunk_ghost_hive,
          minmay_circle_x, uniq_duvessa, uniq_ijyb, uniq_eustachio,
          uniq_blork_the_orc

Skill      XL: |  1  2  3  4  5  6  7 |
---------------+----------------------+-----
Axes           | 3 4 5 7 8 9 |  9.2
Fighting       | |  3.0
Armour         | |  3.2
Shields        | |  3.0

Action                     |  1- 3 |  4- 6 |  7- 9 || total
---------------------------+-------+-------+-------++-------
  Melee: War axe           |    96 |    82 |    60 ||   238
         Kick              |    21 |    24 |    17 ||    62
         Peck              |     9 |    15 |     9 ||    33
  Throw: Dart              |       |       |     4 ||     4
    Use: Potion            |       |     1 |     1 ||     2
 Armour: Scale mail        |    50 |    18 |    18 ||    86
  Dodge: Dodged            |    49 |    25 |    26 ||   100
  Block: Buckler           |    21 |    15 |     6 ||    42
